 Dungeon Crawl Stone Soup version 0.28-a0-407-g69098e2f6d (webtiles) character file.

Game seed: 18238103117801490055

23 Spaninq the Chopper (level 2, 4/27 HPs)
             Began as a Hill Orc Cinder Acolyte on Sept 5, 2021.
             Was a High Priest of Ignis.
             Quit the game on level 2 of the Dungeon.
             The game lasted 00:03:00 (1424 turns).

Spaninq the Chopper (Hill Orc Cinder Acolyte)       Turns: 1424, Time: 00:03:01

Health: 4/27       AC: 11    Str: 16    XL:     2   Next: 95%
Magic:  3/3        EV:  4    Int: 14    God:    Ignis [*****.]
Gold:   66         SH:  0    Dex:  6    Spells: 3/3 levels left

rFire   + . .      SeeInvis .   a - -1 hand axe (flame)
rCold   . . .      Faith    .   (no shield)
rNeg    . . .      Spirit   .   d - +0 plate armour
rPois   .          Reflect  .   (no helmet)
rElec   .          Harm     .   g - +0 cloak
rCorr   .          Rampage  .   (no gloves)
Will    .....                   (no boots)
Stlth   ..........              (no amulet)
HPRegen 0.09/turn               (no ring)
MPRegen 0.08/turn               (no ring)

@: brilliant, lethally poisoned (4 -> -1)
A: no striking features
a: Renounce Religion, Sea of Fire, Foxfire Swarm, Rising Flame


You were on level 2 of the Dungeon.
You worshipped Ignis.
Ignis was extremely pleased with you.
You visited 1 branch of the dungeon, and saw 2 of its levels.

You collected 66 gold pieces.

Inventory:

Hand Weapons
 a - a -1 hand axe of flaming (weapon)
Armour
 d - a +0 plate armour (worn)
 g - a +0 cloak (worn)
Jewellery
 e - a ring of resist corrosion
Wands
 h - a wand of paralysis (3)
Scrolls
 b - a scroll of identify {unknown}
 f - 2 scrolls of summoning {unknown}
 i - a scroll of noise {unknown}
Potions
 c - 3 potions of brilliance


   Skills:
 + Level 4.0 Fighting
 * Level 4.7 Axes
 + Level 1.0 Armour
 - Level 1.0 Spellcasting
 - Level 3.2 Fire Magic


You had 3 spell levels left.
You didn't know any spells.
Your spell library contained the following spells:

 Spells                   Type           Power      Damage    Failure   Level
 Scorch                   Fire           28%        2d6       100%        2


Dungeon Overview and Level Annotations

Branches:
Dungeon (2/15)

Altars:


Message History

i - a scroll labelled ZONIMEUSA The adder hisses angrily.
You hear a shout!
An adder is nearby!
Found 10 gold pieces.
A goblin comes into view. It is wielding a +0 club.
You miss the adder. The adder barely misses you.
The adder bites you but does no damage. The adder bites you but does no damage.
The adder bites you.
You are poisoned.
The adder poisons you!
You barely miss the adder.
You feel sick. The adder bites you.
You are more poisoned.
The adder poisons you!
You closely miss the adder.
You feel sick. The adder bites you.
You closely miss the adder.
You feel sick. The adder bites you but does no damage.
The adder barely misses you.
You closely miss the adder.
You feel sick. The adder bites you but does no damage.
You hit the adder. You burn the adder.
The adder is heavily wounded.
You feel sick. The adder bites you but does no damage.
You closely miss the adder.
The adder is heavily wounded.
You feel sick. The adder barely misses you.
The adder bites you but does no damage.
Your plate armour prevents you from hitting the adder.
The adder is heavily wounded.
You feel sick.
You are no longer poisoned.
The adder bites you.
* * * LOW HITPOINT WARNING * * *
You are lethally poisoned!
The adder poisons you!
It was a potion of brilliance.
You feel clever all of a sudden.
* * * LOW HITPOINT WARNING * * *
You feel sick. The adder bites you but does no damage.
Okay, then.
Are you sure you want to abandon this character and quit the game? (Confirm with "yes".)

#.......... ....$ ..##..#..#...
...... ..#......#.#. ......
.....#..#.#†#. ...$..
#.....>...<.... ......### #..#.
#......... #......# ..#
#......... #....g.#####.##
#......... #......##gS@.#..
#......... #......##.####.#
######....
#.........###..####...<.....
#.....................##....
##.......####..............>.
##.............#.#............
##.........>........#########..
#..................## #..
#................### #..


You could see an adder and a goblin.

Vanquished Creatures
  2 dart slugs (D:1)
  4 ball pythons
  An endoplasm (D:1)
  A goblin (D:1)
  2 hobgoblins (D:1)
  A quokka (D:2)
  3 bats
  3 rats
17 creatures vanquished.

Notes
Turn   | Place    | Note
-------+----------+-------------------------------------------
     0 | D:1      | Spaninq the Hill Orc Cinder Acolyte began the quest for the
                  | Orb.
     0 | D:1      | Reached XP level 1. HP: 19/19 MP: 2/2
   521 | D:1      | Reached XP level 2. HP: 23/27 MP: 3/3
  1210 | D:2      | Reached skill level 1 in Armour
  1296 | D:2      | Found a faded altar of an unknown god.
  1424 | D:2      | Quit the game

Illustrated notes

Levels and vault maps discovered:
D:1:      nicolae_arrival_washed_ashore, layout_loops_corners,
          minmay_misc_feat_four_crosses
D:2:      layout_rooms, chequers_ecumenical_altar_island,
          wander_ebering_terrifying_dragon_lair

Skill      XL: |  1  2 |
---------------+-------+-----
Armour         | 1 |  1.0
Fighting       | 4 |  4.0
Axes           | |  4.7
Spellcasting   | |  1.0
Fire Magic     | |  3.2

Action                   || total
-------------------------++-------
Melee: Hand axe          ||    62
  Use: Potion            ||     1
Armor: Plate armour      ||    50
Dodge: Dodged            ||    19

Table legend: (Time is in decaauts)
 A = Elapsed time spent in this place.
 B = Non-inter-level travel time spent in this place.
 C = Inter-level travel time spent in this place.
 D = Time resting spent in this place.
 E = Time spent auto-exploring this place.
 F = Levels seen in this place.
 G = Mean time per level.
                   A        B        C        D        E       F      G
               +--------+--------+--------+--------+--------+-----+--------+
         Total |   1433 |   1334 |     99 |     21 |   1073 |   2 |  716.5 |
       Dungeon |   1433 |   1334 |     99 |     21 |   1073 |   2 |  716.5 |
               +--------+--------+--------+--------+--------+-----+--------+

Top non-repeatable levels by time:
     D:1: 1174 daAuts
     D:2: 259 daAuts
